 Dungeon Crawl Stone Soup version 0.30.1-11-g7821555f0a (webtiles) character file.

Game seed: 6021989674493012035

171 fireball365 the Chopper (level 5, -2/46 HPs)
             Began as a Hill Orc Fighter on Nov 11, 2023.
             Slain by an ogre
             ... wielding a +0 giant spiked club
              (17 damage)
             ... on level 4 of the Dungeon.
             The game lasted 00:06:07 (2134 turns).

fireball365 the Chopper (Hill Orc Fighter)          Turns: 2134, Time: 00:06:07

Health: -2/46      AC: 15    Str: 21    XL:     5   Next: 51%
Magic:  5/5        EV:  6    Int:  8    God:
Gold:   116        SH:  4    Dex: 10    Spells: 4/4 levels left

rFire   . . .        a - +0 war axe
rCold   . . .        c - +0 buckler
rNeg    . . .        i - +0 plate armour
rPois   .            (no helmet)
rElec   .            e - +0 cloak
rCorr   .            p - +0 pair of gloves
SInv    .            f - +0 pair of boots
Will    .....        (no amulet) Stlth
                     (no ring)
HPRegen 0.27/turn    (no ring)
MPRegen 0.09/turn

%: no passive effects
@: lethally poisoned (-2 -> -4)
A: talons 1, screaming 1, inability to drink after injury 1
a: no special abilities


You were on level 4 of the Dungeon.
You visited 1 branch of the dungeon, and saw 4 of its levels.

You collected 239 gold pieces.
You spent 123 gold pieces at shops.

Inventory:

Hand Weapons
 a - a +0 war axe (weapon)
Armour
 c - a +0 buckler (worn)
 e - a +0 cloak (worn)
 f - a +0 pair of boots (worn)
 i - a +0 plate armour (worn)
 p - a +0 pair of gloves (worn)
Wands
 n - a wand of digging (5)
Scrolls
 h - a scroll of fear
 l - a scroll of blinking {unknown}
 o - 2 scrolls of enchant armour
 q - 2 scrolls of identify
 s - a scroll of noise {unknown}
 t - 4 scrolls of vulnerability {unknown}
 u - a scroll of amnesia {unknown}
 v - a scroll of poison {unknown}
Potions
 b - a potion of attraction {unknown}
 d - a potion of might
 g - a potion of resistance {unknown}
 j - a potion of brilliance
 k - a potion of haste {unknown}
 m - 2 potions of curing
 r - a potion of flight {unknown}


   Skills:
 + Level 4.2 Fighting
 + Level 5.3 Axes
 + Level 4.3 Armour
 + Level 4.0 Shields


You had 4 spell levels left.
You didn't know any spells.
Your spell library was empty.

Dungeon Overview and Level Annotations

Branches:
Dungeon (4/15)
 Temple: D:4-7

Altars:
Kikubaaqudgha
Ru

Shops:
D:1 =(   D:3 **[=


Innate Abilities, Weirdness & Mutations

You have sharp toenails.
You occasionally shout uncontrollably at your foes.
You occasionally lose the ability to drink potions when taking damage.


Message History

An ogre comes into view. It is wielding a +0 giant spiked club.
The ogre shouts!
An adder comes into view.
The adder hisses angrily.
The hobgoblin attacks as you move away!
The hobgoblin hits you but does no damage.
The ogre hits you with a +0 giant spiked club!!
The hobgoblin attacks as you move away!
The hobgoblin hits you but does no damage.
Found an ancient bone altar of Kikubaaqudgha.
The hobgoblin attacks as you move away!
The hobgoblin hits you but does no damage.
The adder bites you.
You are poisoned.
The adder poisons you!
You feel sick. The hobgoblin attacks as you move away! The hobgoblin hits you.
You feel sick.
You feel sick. You block the adder's attack.
You feel sick.
You are no longer poisoned.
The adder attacks as you move away! The adder barely misses you.
An orc wizard comes into view. It is wielding a +0 dagger.
You barely miss the adder.
The adder bites you but does no damage. x2
You hit the adder.
The adder is heavily wounded.
You hit the hobgoblin. The adder bites you.
You are poisoned.
The adder poisons you! The hobgoblin hits you. The adder barely misses you.
You slash the adder!
You kill the adder!
You hit the hobgoblin.
You kill the hobgoblin!
You closely miss the orc wizard.
You feel sick.
The orc wizard hits you but does no damage. x2
Your Shields skill increases to level 4!
You hit the ogre.
The ogre is lightly wounded.
You hit the orc wizard.
You feel sick.
The ogre hits you with a +0 giant spiked club!
You die...

#### ###.# .... .##.. #
###. .##.# .. .... .##.#
.# .###. .##.# ..# .....
.##.# ##### .. . ##..
.##.####...#######.#....
.....
...............O@o......
.##..
.##.#......##..†........
#..
.....?..##.##.####.##...
.... ..............# ...
. ..#.. .##...........#
.... .....
######..#.....# .#...
.... ........... ....
_...#..#..## ....


You could see an ogre and an orc wizard.

Vanquished Creatures
  A jelly (D:4)
  Terence (D:2)
  4 adders
  A worm (D:2)
  3 dart slugs
  9 ball pythons
  6 bats
  10 endoplasms
  2 giant cockroaches
  9 goblins
  9 hobgoblins
  3 quokkas
  4 frilled lizards
  3 kobolds
  2 rats
  A spectral goblin (D:1)
68 creatures vanquished.

Notes
Turn   | Place    | Note
-------+----------+-------------------------------------------
     0 | D:1      | fireball365 the Hill Orc Fighter began the quest for the
                  | Orb.
     0 | D:1      | Reached XP level 1. HP: 19/19 MP: 1/1
    80 | D:1      | Reached XP level 2. HP: 26/27 MP: 2/2
   132 | D:1      | Found a faded altar of an unknown god.
   197 | D:1      | Found Jiusogea's Antique Weapon Shoppe.
   277 | D:1      | Found Pysso's Jewellery Boutique.
   501 | D:1      | Reached skill level 3 in Axes
   576 | D:2      | Reached XP level 3. HP: 33/33 MP: 3/3
   628 | D:2      | Noticed Terence
   645 | D:2      | Killed Terence
   759 | D:2      | Reached XP level 4. HP: 40/40 MP: 4/4
   867 | D:2      | Gained mutation: Your muscles are strong. (Str +4, Int/Dex
                  | -1) [potion of mutation]
   867 | D:2      | Gained mutation: You are resistant to electric shocks.
                  | (rElec) [potion of mutation]
   867 | D:2      | Gained mutation: Potions are less effective at restoring
                  | your health. [potion of mutation]
   868 | D:2      | Lost mutation: You are resistant to electric shocks.
                  | (rElec) [potion of mutation]
   868 | D:2      | Lost mutation: Your muscles are strong. (Str +4, Int/Dex
                  | -1) [potion of mutation]
   868 | D:2      | Gained mutation: Potions cannot restore your health.
                  | [potion of mutation]
   868 | D:2      | Lost mutation: Potions cannot restore your health. [potion
                  | of mutation]
   868 | D:2      | Gained mutation: Your mind is acute. (Int +4, Str/Dex -1)
                  | [potion of mutation]
   869 | D:2      | Lost mutation: Potions are less effective at restoring your
                  | health. [potion of mutation]
   869 | D:2      | Lost mutation: Your mind is acute. (Int +4, Str/Dex -1)
                  | [potion of mutation]
   869 | D:2      | Gained mutation: You occasionally lose the ability to drink
                  | potions when taking damage. [potion of mutation]
   869 | D:2      | Gained mutation: You passively map a small area around you.
                  | [potion of mutation]
   869 | D:2      | Gained mutation: You occasionally lose the ability to read
                  | scrolls when taking damage. [potion of mutation]
   869 | D:2      | Gained mutation: You have supernaturally acute eyesight.
                  | (SInv) [potion of mutation]
   870 | D:2      | Lost mutation: You have supernaturally acute eyesight.
                  | (SInv) [potion of mutation]
   870 | D:2      | Lost mutation: You occasionally lose the ability to read
                  | scrolls when taking damage. [potion of mutation]
   870 | D:2      | Lost mutation: You passively map a small area around you.
                  | [potion of mutation]
   870 | D:2      | Gained mutation: You are weak. (Str -2) [potion of
                  | mutation]
   870 | D:2      | Gained mutation: You occasionally shout uncontrollably at
                  | your foes. [potion of mutation]
   870 | D:2      | Gained mutation: You have sharp toenails. [potion of
                  | mutation]
   870 | D:2      | Lost mutation: You are weak. (Str -2) [potion of mutation]
   909 | D:2      | Reached skill level 4 in Axes
  1270 | D:3      | Found Ufechu's General Store.
  1324 | D:3      | Found Vuli Wax's Armour Boutique.
  1326 | D:3      | Found Jiostidd's General Store.
  1345 | D:3      | Bought a +0 pair of gloves for 58 gold pieces
  1345 | D:3      | Bought a scroll of identify for 26 gold pieces
  1345 | D:3      | Bought a potion of curing for 39 gold pieces
  1458 | D:3      | Reached XP level 5. HP: 42/46 MP: 5/5
  1592 | D:3      | Found Lotizoq's Jewellery Boutique.
  1796 | D:4      | Found a sacrificial altar of Ru.
  1816 | D:4      | Reached skill level 5 in Axes
  2116 | D:4      | Noticed an ogre
  2122 | D:4      | Found an ancient bone altar of Kikubaaqudgha.
  2134 | D:4      | Slain by an ogre

Illustrated notes

Levels and vault maps discovered:
D:1:      amcnicky_arrival_blooded_trapdoor, layout_rooms,
          dreamdust_ecumenical_altar_drowned_temple, serial_shops, shop, shop
D:2:      minmay_spotlight, layout_rooms, uniq_terence
D:3:      layout_rooms, serial_shops, nicolae_square_shop, shop_statue,
          shop_coins, shop
D:4:      layout_basic, tgw_kikubaaqudgha, mainiacjoe_overflow_cross_hatched

Skill      XL: |  1  2  3  4  5 |
---------------+----------------+-----
Axes           | 3 4 5 |  5.3
Fighting       | 4 |  4.2
Armour         | 4 |  4.3
Shields        | 4 |  4.0

Action                     |  1- 3 |  4- 6 || total
---------------------------+-------+-------++-------
  Melee: War axe           |    66 |   101 ||   167
    Use: Scroll            |       |     4 ||     4
         Potion            |       |     4 ||     4
 Armour: Scale mail        |    11 |       ||    11
         Plate armour      |    65 |    75 ||   140
  Dodge: Dodged            |    31 |    36 ||    67
  Block: Buckler           |    28 |    33 ||    61
